 Dungeon Crawl Stone Soup version 0.25.0-1-g7eea58d (webtiles) character file.

Game seed: 15744042124077253777

1675 GeorgeSoros the Firebug (level 8, -2/71 HPs)
             Began as a Pale Draconian Fire Elementalist on June 16, 2020.
             Was a Follower of Qazlal.
             Slain by Gastronok (29 damage)
             ... on level 8 of the Dungeon.
             The game lasted 00:30:38 (7527 turns).

GeorgeSoros the Firebug (DrFE)                      Turns: 7527, Time: 00:30:39

Health: -2/71      AC:  6    Str:  6    XL:     8   Next: 70%
Magic:  3/14       EV: 12    Int: 19    God:    Qazlal [*.....]
Gold:   254        SH:  1    Dex: 12    Spells: 2/15 levels left

rFire    . . .     SeeInvis .   p - +9 rapier of Foolhardiness {venom, rN+}
rCold    . . .     Gourm    .   (no shield)
rNeg     + . .     Faith    .   (armour unavailable)
rPois    .         Spirit   .   (helmet restricted)
rElec    .         Reflect  .   (no cloak)
rCorr    .         Harm     .   (no gloves)
MR       .....                  (no boots)
Stlth    +.........             r - amulet of Copimuw {Acrobat +Inv Str-5 Int+2}
HPRegen  0.21/turn              y - ring of attention (curse)
MPRegen  0.14/turn              (no ring)

@: very slightly contaminated
A: breathe steam, unfitting armour, cold-blooded, AC +6
a: Breathe Steam, Renounce Religion, Evoke Invisibility


You were on level 8 of the Dungeon.
You worshipped Qazlal.
Qazlal was aware of your devotion.
You were hungry.

You visited 1 branch of the dungeon, and saw 8 of its levels.

You collected 415 gold pieces.
You spent 161 gold pieces at shops.

Inventory:

Hand Weapons
 d - a +0 dagger
 e - a +1 short sword of freezing
 p - the +9 rapier of Foolhardiness (weapon) {venom, rN+}
   (You found it on level 6 of the Dungeon)

   It poisons the flesh of those it strikes.
   It protects you from negative energy.
Jewellery
 r - the amulet of Copimuw (around neck) {Acrobat +Inv Str-5 Int+2}
   (You bought it in a shop on level 6 of the Dungeon)

   [amulet of the acrobat]

   It helps you evade while moving and waiting.
   It affects your strength (-5).
   It affects your intelligence (+2).
   It lets you turn invisible.
 y - a cursed ring of attention (left hand)
 A - the amulet of the Lonely Towns {Regen+ Stlth+}
   (You found it on level 7 of the Dungeon)

   [amulet of regeneration]

   It increases your rate of regeneration.
   It makes you more stealthy.
Wands
 k - a wand of flame (42)
 w - a wand of acid (8)
 z - a wand of enslavement (6)
 B - a wand of digging (3)
Scrolls
 c - 8 scrolls of teleportation
 l - 2 scrolls of enchant weapon
 o - a scroll of fear {unknown}
 q - a scroll of immolation {unknown}
 t - a scroll of random uselessness {unknown}
 u - a scroll of enchant armour {unknown}
 v - 2 scrolls of remove curse
 x - a scroll of blinking
 D - a scroll of identify
Potions
 a - 4 potions of lignification
 f - a potion of resistance
 g - 3 potions of curing
 h - a potion of cancellation
 i - 3 potions of heal wounds
 j - 2 potions of brilliance
 m - a potion of berserk rage
 n - a potion of invisibility
 s - a potion of flight {unknown}
Comestibles
 b - 22 rations
 C - a chunk of flesh


   Skills:
 + Level 6.4 Fighting
 - Level 1.7 Dodging
 - Level 1.7 Stealth
 - Level 4.0 Spellcasting
 + Level 6.0 Conjurations
 + Level 7.3 Fire Magic


You had 2 spell levels left.
You knew the following spells:

 Your Spells              Type           Power        Failure   Level  Hunger
a - Foxfire               Conj/Fire      ####         1%          1    None
b - Conjure Flame         Conj/Fire      ####....     2%          3    ###....
c - Sticky Flame          Conj/Fire      ####....     9%          4    ####...
d - Fireball              Conj/Fire      ####......   24%         5    ######.

Your spell library contained the following spells:

 Spells                   Type           Power        Failure   Level  Hunger
 Corona                   Hex            #......      14%         1    None
 Ensorcelled Hibernation  Hex/Ice        #.....       21%         2    ##.....
 Inner Flame              Hex/Fire       ###.....     10%         3    ###....
 Dazzling Flash           Conj/Hex       ###...       12%         3    ###....
 Confusing Touch          Hex            #.......     38%         3    ###....
 Tukima's Dance           Hex            #.......     38%         3    ###....


Dungeon Overview and Level Annotations

Branches:
Dungeon (8/15)             Temple (0/1) D:6
   Lair: D:8-11

Altars:
Cheibriados
Dithmenos
Fedhas
Gozag
Makhleb
Okawaru
Qazlal
Vehumet

Shops:
D:6 *

Annotations:
D:8 Gastronok


Innate Abilities, Weirdness & Mutations

You can breathe blasts of scalding, opaque steam.
Your pale cyan-grey scales are hard. (AC +6)
You cannot fit into any form of body armour.
You are cold-blooded and may be slowed by cold attacks.


Message History

Gastronok chants a spell, wobbling all the while.
Gastronok puts on a burst of speed!
You completely miss Gastronok.
Gastronok is heavily wounded.
The bat closely misses you. Gastronok bites you!
You hit Gastronok.
Gastronok looks as sick as possible!
Gastronok is heavily wounded.
The bat closely misses you.
Gastronok's eyestalks quiver as he mumbles some strange words.
You puncture Gastronok!
Gastronok looks as sick as possible!
Gastronok is severely wounded.
You feel yourself speed up.
The bat hits you but does no damage. x3; You block the bat's attack.
Gastronok waves his eye-stalks in wide circles.
The air twists around and strikes you!! The bat hits you but does no damage.
The quokka closely misses you.
You hit Gastronok.
Gastronok is severely wounded.
The bat closely misses you. The quokka bites you. Gastronok bites you!!
You die...

.# # . .# ######.
###.##### ......
#.......# ...#
#.#
#######.#######.#
#.............b@#
.#####.###...rw#
##..# #.###b#
#.###.#.###.#
#....w>.#
#....###.##.#
####.####
#####.#...#.# #
##.##.#.#
#.##.#.#
###.##.#.#


You could see Gastronok (swift, extremely poisoned), a quokka (summoned) and 2
bats.

Vanquished Creatures
  A spriggan (D:7)
  Duvessa (D:7)
  A black bear (D:6)
  A sky beast (D:4)
  A phantom (D:4)
  An ogre (D:5)
  A centaur (D:6)
  A bullfrog (D:6)
  Dowan (D:7)
  3 scorpions
  A killer bee (D:8)
  2 howler monkeys (D:7)
  A crimson imp (D:6)
  2 bullfrog zombies
  An orc priest (D:5)
  A centaur skeleton (D:4)
  A jelly (D:6)
  2 orc wizards (D:5)
  Jessica (D:3)
  Ijyb (D:4)
  4 worker ants
  2 worker ant zombies
  3 gnolls (D:5)
  4 adders
  A shadow imp (D:6)
  An ooze (D:1)
  An adder skeleton (D:5)
  A worm (D:2)
  A dart slug (D:2)
  3 leopard geckos
  12 orcs
  A ball python (D:3)
  4 giant cockroaches
  8 goblins
  9 hobgoblins
  6 jackals
  3 quokkas
  16 bats
  5 frilled lizards
  A jackal skeleton (D:5)
  13 kobolds
  A leopard gecko skeleton (D:5)
  8 rats
133 creatures vanquished.

Vanquished Creatures (others)
  312 foxfires
312 creatures vanquished.

Grand Total: 445 creatures vanquished

Notes
Turn   | Place    | Note
-------+----------+-------------------------------------------
     0 | D:1      | GeorgeSoros the Draconian Fire Elementalist began the quest
                  | for the Orb.
     0 | D:1      | Reached XP level 1. HP: 14/14 MP: 3/3
   207 | D:1      | Reached XP level 2. HP: 22/22 MP: 3/5
   410 | D:1      | Reached skill level 1 in Fighting
   721 | D:2      | Reached XP level 3. HP: 28/28 MP: 6/6
   731 | D:2      | Found a blossoming altar of Fedhas.
  1922 | D:2      | Reached XP level 4. HP: 34/36 MP: 3/7
  1943 | D:2      | Learned a level 3 spell: Conjure Flame
  2072 | D:3      | Noticed Jessica
  2079 | D:3      | Killed Jessica
  2867 | D:3      | Learned a level 4 spell: Sticky Flame
  2955 | D:3      | Found a stormy altar of Qazlal.
  2962 | D:3      | Became a worshipper of Qazlal Stormbringer
  3124 | D:4      | Reached XP level 5. HP: 32/42 MP: 7/9
  3131 | D:4      | Reached skill level 4 in Fire Magic
  3462 | D:4      | Noticed Ijyb
  3482 | D:4      | Killed Ijyb
  3602 | D:4      | Noticed a sky beast
  3696 | D:4      | Killed a sky beast
  3696 | D:4      | Reached XP level 6. HP: 27/51 MP: 6/11
  4392 | D:5      | Entered Level 5 of the Dungeon
  4468 | D:5      | Found an iron altar of Okawaru.
  4489 | D:5      | Your scales start taking on a pale cyan-grey colour.
  4489 | D:5      | Reached skill level 5 in Fire Magic
  4489 | D:5      | Reached XP level 7. HP: 58/58 MP: 5/12
  4496 | D:5      | Learned a level 5 spell: Fireball
  4631 | D:5      | Found a radiant altar of Vehumet.
  5111 | D:5      | Reached * piety under Qazlal
  5665 | D:6      | Reached skill level 6 in Fire Magic
  5887 | D:6      | Reached skill level 5 in Fighting
  5887 | D:6      | Reached XP level 8. HP: 52/68 MP: 8/14
  5900 | D:6      | Got a smoking rapier
  5901 | D:6      | Identified the +9 rapier of Foolhardiness {venom, rN+} (You
                  | found it on level 6 of the Dungeon)
  6063 | D:6      | Reached skill level 5 in Conjurations
  6123 | D:6      | Found Zahopp's Assorted Antiques.
  6139 | D:6      | Bought a scroll labeled FOSKASKUPPU for 23 gold pieces
  6139 | D:6      | Bought a scroll labeled PASAIR AJODO for 23 gold pieces
  6139 | D:6      | Bought a slimy tin amulet for 115 gold pieces
  6139 | D:6      | Identified the amulet of Copimuw {Acrobat +Inv Str-5 Int+2}
                  | (You bought it in a shop on level 6 of the Dungeon)
  6309 | D:6      | Found an opulent altar of Gozag.
  6367 | D:6      | Found a staircase to the Ecumenical Temple.
  6393 | D:7      | Found a snail-covered altar of Cheibriados.
  6650 | D:7      | Got a twitching amethyst amulet
  6652 | D:7      | Identified the amulet of the Lonely Towns {Regen+ Stlth+}
                  | (You found it on level 7 of the Dungeon)
  6870 | D:7      | Reached skill level 7 in Fire Magic
  7032 | D:7      | Noticed Duvessa
  7034 | D:7      | Noticed Dowan
  7038 | D:7      | Killed Duvessa
  7044 | D:7      | Killed Dowan
  7335 | D:8      | Found a burning altar of Makhleb.
  7401 | D:8      | Found a shadowy altar of Dithmenos.
  7507 | D:8      | Noticed Gastronok
  7527 | D:8      | Slain by Gastronok

Illustrated notes

Levels and vault maps discovered:
D:1:      mrwooster_arrival_statue_2, layout_rooms, minmay_box_of_dots
D:2:      minmay_chambers_of_ones, layout_basic, fedhas_altar_3, first_ration,
          kennysheep_generic_room_13
D:3:      layout_rooms, nicolae_qazlal_eye_of_the_storm,
          kennysheep_generic_room_2, uniq_jessica
D:4:      layout_basic, dk_rats_in_the_wall, uniq_ijyb
D:5:      layout_layer_cave, vehumet_altar_wand_db, okawaru_gym_becter
D:6:      layout_basic, nicolae_gozag_cash_rules_everything_around_me,
          minmay_temple_entry_from_below_a, serial_shops, shop
D:7:      layout_loops_ring, basic_altar, supply_closet_lemuel, the_bakery,
          uniq_duvessa
D:8:      layout_loops_ring, xom_redecorated, marbit_many_paths,
          kennysheep_little_box, uniq_gastronok, uniq_joseph, uniq_maurice

Skill      XL: |  1  2  3  4  5  6  7  8 |
---------------+-------------------------+-----
Fighting       | 1 2 3 5 6 |  6.4
Conjurations   | 2 3 4 6 |  6.0
Spellcasting   | 3 4 |  4.0
Fire Magic     | 4 5 6 7 |  7.3
Dodging        | |  1.7
Stealth        | |  1.7

Action                   |  1- 3 |  4- 6 |  7- 9 || total
-------------------------+-------+-------+-------++-------
Melee: Dagger            |   108 |       |       ||   108
       Tailslap          |     6 |     5 |     5 ||    16
       Short sword       |    21 |    88 |    26 ||   135
       Rapier            |       |       |    41 ||    41
 Cast: Foxfire           |    31 |    77 |    69 ||   177
       Sticky Flame      |       |       |     7 ||     7
       Conjure Flame     |       |       |     2 ||     2
 Abil: Breathe Steam     |       |       |     2 ||     2
  Use: Scroll            |     3 |     4 |     8 ||    15
 Stab: Sleeping          |     2 |     1 |       ||     3
  Eat: Chunk             |     3 |     9 |    10 ||    22
Armor: Skin              |    72 |    25 |    24 ||   121
Dodge: Dodged            |   116 |    68 |    50 ||   234
Block: Other             |       |       |     3 ||     3
